 Dungeon Crawl Stone Soup version 0.22.1-1-ga44c0e56f4 (webtiles) character file.

334 Inquisition the Skirmisher (level 6, -2/56 HPs)
             Began as a Minotaur Abyssal Knight on Oct 3, 2018.
             Was a Believer of Lugonu.
             Slain by Sigmund
             ... wielding a +0 scythe
              (6 damage)
             ... on level 4 of the Dungeon.
             The game lasted 00:21:25 (2887 turns).

Inquisition the Skirmisher (MiAK)                   Turns: 2887, Time: 00:21:26

Health: -2/56      AC: 13    Str: 18 (19) XL:     6   Next: 27%
Magic:  6/6        EV:  7    Int:  7 (9)  God:    Lugonu [**....]
Gold:   208        SH:  0    Dex:  8 (9)  Spells: 5/5 levels left

rFire    . . .     SeeInvis .   a - +2 falchion
rCold    . . .     Gourm    .   (no shield)
rNeg     . . .     Faith    .   f - +0 plate armour
rPois    .         Spirit   .   (helmet restricted)
rElec    .         Reflect  .   (no cloak)
rCorr    .         Harm     .   y - +0 pair of gloves
MR       .....                  (no boots)
Stlth    ..........             (no amulet)
HPRegen  0.18/turn              p - +1 ring of evasion
MPRegen  0.10/turn              (no ring)

@: no status effects
A: retaliatory headbutt, horns 2
a: Depart the Abyss, Bend Space, Renounce Religion


You were on level 4 of the Dungeon.
You worshipped Lugonu.
Lugonu was pleased with you.
You were hungry.

You visited 1 branch of the dungeon, and saw 4 of its levels.
You visited the Abyss 1 time.

You collected 208 gold pieces.

Inventory:

Hand Weapons
 a - a +2 falchion (weapon)
 r - a +0 war axe
 s - a +0 club
 t - a +0 hunting sling
 v - a +0 whip
 w - a +0 falchion
Missiles
 d - 68 stones (quivered)
 o - 36 arrows
 u - 14 bolts
 x - 20 poisoned needles
Armour
 b - a +0 leather armour
 e - a +0 leather armour
 f - a +0 plate armour (worn)
 g - a +0 leather armour
 h - a +0 scale mail
 j - a +0 ring mail
 l - a +0 scale mail
 q - a +0 chain mail
 y - a +0 pair of gloves (worn)
Jewellery
 p - a +1 ring of evasion (left hand)
Scrolls
 i - 6 scrolls of identify
 n - 2 scrolls of fear
Potions
 m - a potion of haste
Comestibles
 c - 8 rations
 k - 2 chunks of flesh


   Skills:
 + Level 5.5 Fighting
 + Level 5.3 Long Blades
 * Level 4.4 Armour
 * Level 1.5 Dodging
 + Level 2.1 Invocations


You had 5 spell levels left.
You didn't know any spells.
Your spell library was empty.

Dungeon Overview and Level Annotations

Branches:
Dungeon (4/15)
 Temple: D:4-7

Altars:
Hepliaklqana

Annotations:
D:4 Sigmund


Innate Abilities, Weirdness & Mutations

You reflexively headbutt those who attack you in melee.
You have a pair of horns on your head.


Message History

Reactivating autopickup.
Sigmund points at you and mumbles some strange words.
You are confused.
Sigmund casts a spell.
Sigmund flickers and vanishes!
Deactivating autopickup; reactivate with Ctrl-A.
You are feeling hungry.
You hear some strange, mumbled words.
A puff of flame appears from out of thin air!
The puff of flame misses you. Something hits you but does no damage.
You're too confused to move!
Something hits you.
* * * LOW HITPOINT WARNING * * *
Unknown command.
You feel less confused. Something hits you but does no damage.
A puff of flame appears from out of thin air!
The puff of flame hits you! Something hits you.
You die...

#.......#
+....
#.......#
#....
#.......#
#....
##.......##
#....
#.........#
#####
#.........#
#.........#
#.........#
#@........#
#..{......#
#.........#
###########


There were no monsters in sight!

Vanquished Creatures
  Duvessa (D:4)
  Dowan (D:4)
  3 gnolls (D:3)
  7 adders
  2 oozes (D:2)
  3 worms
  4 dart slugs
  4 leopard geckos
  An orc (D:4)
  4 bats
  3 giant cockroaches
  8 hobgoblins
  A quokka (D:3)
  4 frilled lizards
  6 goblins
  2 kobolds
  14 rats
68 creatures vanquished.

Notes
Turn   | Place    | Note
-------+----------+-------------------------------------------
     0 | Abyss:1  | Inquisition the Minotaur Abyssal Knight began the quest for
                  | the Orb.
     0 | Abyss:1  | Reached XP level 1. HP: 19/19 MP: 1/1
    67 | Abyss:1  | Noticed a small abomination
    68 | D:1      | Escaped the Abyss
   153 | D:1      | Reached * piety under Lugonu
   272 | D:1      | Reached XP level 2. HP: 27/27 MP: 2/2
   868 | D:2      | Reached XP level 3. HP: 30/34 MP: 3/3
  1196 | D:2      | Reached XP level 4. HP: 34/41 MP: 4/4
  1232 | D:2      | Reached skill level 5 in Fighting
  1941 | D:3      | Reached ** piety under Lugonu
  2166 | D:3      | Reached XP level 5. HP: 29/48 MP: 5/5
  2745 | D:4      | Found a hazy altar of Hepliaklqana.
  2751 | D:4      | Noticed Duvessa
  2788 | D:4      | Killed Duvessa
  2788 | D:4      | Reached skill level 5 in Long Blades
  2788 | D:4      | Reached XP level 6. HP: 56/56 MP: 6/6
  2832 | D:4      | Noticed Sigmund
  2841 | D:4      | Noticed Dowan
  2863 | D:4      | Killed Dowan
  2887 | D:4      | Slain by Sigmund

Skill      XL: |  1  2  3  4  5 |
---------------+----------------+-----
Fighting       | 4 5 |  5.5
Invocations    | 2 |  2.1
Long Blades    | 3 4 5 |  5.3
Armour         | 3 4 |  4.4
Dodging        | |  1.5

Action                   |  1- 3 |  4- 6 || total
-------------------------+-------+-------++-------
Melee: Falchion          |    90 |   147 ||   237
       Headbutt          |     8 |    23 ||    31
Invok: Depart the Abyss  |     1 |       ||     1
  Use: Scroll            |     1 |     5 ||     6
       Potion            |     1 |     3 ||     4
  Eat: Chunk             |     1 |     5 ||     6
Armor: Plate armour      |    61 |   105 ||   166
Dodge: Dodged            |    18 |    43 ||    61
       Rpst.: Falchion   |     5 |    11 ||    16
